 Dungeon Crawl Stone Soup version 0.19.0 (webtiles) character file.

7472 Eucla the Cleaver (level 10, -3/94 HPs)
             Began as a Minotaur Gladiator on Nov 13, 2016.
             Was an Initiate of Gozag.
             Killed from afar by Erolcha (29 damage)
             ... with a bolt of lightning
             ... on level 10 of the Dungeon on Nov 14, 2016.
             The game lasted 00:14:53 (9237 turns).

Eucla the Cleaver (Minotaur Gladiator)              Turns: 9237, Time: 00:14:53

Health: -3/94      AC: 10    Str: 19    XL:     10   Next: 94%
Magic:  9/9        EV:  3    Int:  3    God:    Gozag
Gold:   851        SH: 17    Dex: 13    Spells: 0 memorised, 9 levels left

rFire  + . .     SeeInvis .     a - +0 war axe
rCold  . . .     Gourm    .     K - +0 plate armour
rNeg   . . .     Faith    .     y - +1 large shield {rF+}
rPois  .         Spirit   .     c - +0 hat
rElec  .         Reflect  .     (no cloak)
rCorr  .         Harm     .     (no gloves)
MR     .....     Clarity  +     (no boots)
Stlth  ..........               (no amulet)
                                (no ring)
                                B - ring of stealth

@: no status effects
A: retaliatory headbutt, horns 2, clarity, dopey 1, weak 1
a: Potion Petition, Call Merchant, Bribe Branch, Renounce Religion


You were on level 10 of the Dungeon.
You worshipped Gozag.
Gozag was pleased with you.
You were not hungry.

You visited 2 branches of the dungeon, and saw 11 of its levels.

You collected 963 gold pieces.
You paid 112 gold pieces to Gozag.

Inventory:

Hand Weapons
 a - a +0 war axe (weapon)
Missiles
 d - 5 throwing nets (quivered)
Armour
 b - a +0 leather armour
 c - a +0 hat (worn)
 j - a +0 ring mail
 y - a +1 large shield of fire resistance (worn)
 z - a +0 scale mail
 F - a +0 chain mail
 K - a +0 plate armour (worn)
 M - a +1 scale mail of cold resistance
 Q - the +1 leather armour of Sunlight {rF+ MR+}
   (You found it on level 8 of the Dungeon)

   It protects you from fire.
   It affects your resistance to hostile enchantments.
Jewellery
 B - a ring of stealth (left hand)
Wands
 q - a wand of flame (31/48)
 D - a wand of flame (25/48)
 I - a wand of disintegration (16/24)
Scrolls
 e - 5 scrolls of remove curse
 h - 3 scrolls of fog {unknown}
 l - 4 scrolls of recharging {unknown}
 o - a scroll of enchant armour {unknown}
 p - 4 scrolls of random uselessness {unknown}
 r - 4 scrolls of noise {unknown}
 s - 6 scrolls of enchant weapon {unknown}
 t - 2 scrolls of fear {unknown}
 v - 5 scrolls of identify {unknown}
 w - 2 scrolls of amnesia {unknown}
 x - 2 scrolls of magic mapping {unknown}
 G - 2 scrolls of immolation {unknown}
 P - 3 scrolls of teleportation {unknown}
Potions
 g - a potion of magic {unknown}
 i - a potion of flight {unknown}
 k - 3 potions of lignification {unknown}
 m - 2 potions of might {unknown}
 n - 3 potions of curing
 u - 2 potions of degeneration {unknown}
 C - a potion of beneficial mutation {unknown}
 E - a potion of cancellation {unknown}
 O - a potion of haste {unknown}
 R - 2 potions of brilliance {unknown}
Books
 A - a book of Minor Magic

   Spells                             Type                      Level
   a - Magic Dart                     Conjuration                  1
   b - Blink                          Translocation                2
   c - Call Imp                       Summoning                    2
   d - Repel Missiles                 Charms/Air                   2
   e - Slow                           Hexes                        2
   f - Conjure Flame                  Conjuration/Fire             3
   g - Mephitic Cloud                 Conjuration/Poison/Air       3
 J - a book of Necromancy

   Spells                             Type                      Level
   a - Pain                           Necromancy                   1
   b - Animate Skeleton               Necromancy                   1
   c - Vampiric Draining              Necromancy                   3
   d - Regeneration                   Charms/Necromancy            3
   e - Animate Dead                   Necromancy                   4
   f - Control Undead                 Necromancy                   4
Comestibles
 f - 7 bread rations
 H - 4 fruits
 L - 3 beef jerkies
 N - a slice of pizza


   Skills:
 + Level 10.5 Fighting
 * Level 14.5 Axes
 - Level 2.0 Throwing
 - Level 3.2 Dodging
 + Level 8.9 Shields


You had 9 spell levels left.
You didn't know any spells.

Dungeon Overview and Level Annotations

Branches:
Dungeon (10/15)            Temple (1/1) D:7            Lair (0/6) D:8
    Orc (0/2) D:9

Altars:
Ashenzari
Cheibriados
Dithmenos
Elyvilon
Fedhas
Gozag
Hepliaklqana
Kikubaaqudgha
Makhleb
Nemelex Xobeh
Okawaru
Qazlal
Ru
Sif Muna
Trog
Uskayaw
Vehumet
Xom
Yredelemnul
Zin
The Shining One
Beogh

Portals:
Trove: D:10 (give 16 scrolls of teleportation)

Annotations:
D:10 Erolcha


Innate Abilities, Weirdness & Mutations

You reflexively headbutt those who attack you in melee.
You have a pair of horns on your head.
You possess an exceptional clarity of mind.
You are dopey. (Int -2)
You are weak. (Str -2)


Message History

You closely miss something. Something hits you.
* * * LOW HITPOINT WARNING * * *
It was a potion of curing.
You feel better.
You hear some strange, mumbled words.
A stone arrow appears from out of thin air!
The stone arrow hits you!
* * * LOW HITPOINT WARNING * * *
You feel better.
You hear some strange, mumbled words.
A stone arrow appears from out of thin air!
The stone arrow hits you!
* * * LOW HITPOINT WARNING * * *
You hit something but do no damage. You closely miss something.
You block something's attack.
You closely miss something.
You hear some strange, mumbled words.
A bolt of lightning appears from out of thin air!
The bolt of lightning hits you!
You die...
Your body crumbles into a pile of gold.

########..#######
..........########
..................
.#######...#######
#...######## ##
######...........
..
.................
..
.######.#########
.. #@# ..
.....(.{# ..
......... ..
.......... ##
#..######.. # #.
... .. . .... #.
####


There were no monsters in sight!

Vanquished Creatures
  A death yak (D:8)
  Pikel (D:9)
  An elephant (D:8)
  A two-headed ogre (D:9)
  Prince Ribbit (D:8)
  Grinder (D:3)
  A human (D:8)
  3 hogs (D:8)
  4 yaks
  2 water moccasins (D:6)
  A black bear (D:6)
  An ice beast (D:8)
  2 slaves (D:9)
  11 ogres
  6 orc warriors
  A necrophage (D:6)
  A phantom (D:9)
  A centaur (D:9)
  7 bullfrogs
  Blork the orc (D:6)
  A scorpion (D:4)
  2 bullfrog zombies
  A crimson imp (D:8)
  2 quasits
  A centaur zombie (D:6)
  4 hounds
  A centaur skeleton (D:6)
  9 orc priests
  3 bullfrog skeletons
  4 jellies
  7 orc wizards
  A gnoll shaman (D:4)
  3 iguanas
  7 worker ants
  A hound zombie (D:9)
  A worker ant zombie (D:6)
  A howler monkey skeleton (D:9)
  4 gnolls (D:4)
  11 adders
  3 shadow imps
  An ooze (D:4)
  2 adder skeletons
  2 worms (D:2)
  3 dart slugs (D:2)
  4 leopard geckos
  50 orcs
  11 bats
  3 giant cockroaches
  10 goblins
  2 hobgoblins
  9 jackals
  4 quokkas
  6 frilled lizards
  A jackal skeleton (D:4)
  A jackal zombie (D:5)
  6 kobolds
  A leopard gecko skeleton (D:5)
  A leopard gecko zombie (D:9)
  A quokka skeleton (D:4)
  5 rats
238 creatures vanquished.

Vanquished Creatures (others)
  A slave (D:9)
  A quasit (D:9)
  A hound skeleton (D:9)
  A shadow imp (D:9)
  2 orcs (D:9)
6 creatures vanquished.

Grand Total: 244 creatures vanquished

Notes
Turn   | Place    | Note
-------+----------+-------------------------------------------
     0 | D:1      | Eucla the Minotaur Gladiator began the quest for the Orb.
     0 | D:1      | Reached XP level 1. HP: 18/18 MP: 0/0
   119 | D:1      | Reached skill level 4 in Axes
   221 | D:1      | Reached XP level 2. HP: 25/25 MP: 1/1
   807 | D:2      | Reached XP level 3. HP: 28/30 MP: 2/2
   833 | D:2      | Reached skill level 5 in Axes
   969 | D:2      | Reached XP level 4. HP: 34/38 MP: 3/3
  1694 | D:3      | Noticed Grinder
  1696 | D:3      | Paralysed by Grinder for 7 turns
  1704 | D:3      | Killed Grinder
  1704 | D:3      | Reached skill level 7 in Axes
  1704 | D:3      | Reached XP level 5. HP: 35/47 MP: 4/4
  1704 | D:3      | Reached XP level 6. HP: 39/53 MP: 5/5
  2011 | D:3      | Reached skill level 5 in Fighting
  2230 | D:4      | Reached skill level 8 in Axes
  2274 | D:4      | Gained mutation: You are dopey. (Int -2) [potion of mutation]
  2274 | D:4      | Gained mutation: You possess an exceptional clarity of mind. [potion of mutation]
  2274 | D:4      | Gained mutation: You are weak. (Str -2) [potion of mutation]
  2278 | D:4      | Reached XP level 7. HP: 53/61 MP: 6/6
  2668 | D:4      | Reached skill level 1 in Shields
  3139 | D:4      | Reached skill level 9 in Axes
  3426 | D:5      | Entered Level 5 of the Dungeon
  3640 | D:5      | Found a shimmering altar of Xom.
  3931 | D:6      | Reached XP level 8. HP: 66/71 MP: 7/7
  4100 | D:6      | Reached skill level 10 in Axes
  4715 | D:6      | Noticed Blork the orc
  4725 | D:6      | Killed Blork the orc
  4865 | D:6      | Reached skill level 11 in Axes
  4865 | D:6      | Reached skill level 5 in Shields
  5360 | D:7      | Reached XP level 9. HP: 75/80 MP: 8/8
  5380 | D:7      | Found a staircase to the Ecumenical Temple.
  5442 | D:7      | Found a white marble altar of Elyvilon.
  6027 | D:8      | Found a staircase to the Lair.
  6027 | D:8      | Noticed a death yak
  6027 | D:8      | Noticed an elephant
  6039 | D:8      | Killed an elephant
  6039 | D:8      | Reached skill level 12 in Axes
  6048 | D:8      | Killed a death yak
  6102 | Temple   | Entered the Ecumenical Temple
  6149 | Temple   | Became a worshipper of Gozag Ym Sagoz the Greedy
  6510 | D:8      | Noticed Prince Ribbit
  6520 | D:8      | Killed Prince Ribbit
  6527 | D:8      | Reached XP level 10. HP: 35/91 MP: 9/9
  6817 | D:8      | Reached skill level 13 in Axes
  7282 | D:8      | Got a heavily runed leather armour
  7293 | D:8      | Identified the cursed +1 leather armour of Sunlight {rF+ MR+} (You found it on level 8 of the Dungeon)
  7581 | D:9      | Noticed Pikel
  7598 | D:9      | Killed Pikel
  7598 | D:9      | Reached skill level 10 in Fighting
  7885 | D:9      | Found a bloodstained altar of Trog.
  7968 | D:9      | Found a roughly hewn altar of Beogh.
  7968 | D:9      | Found a staircase to the Orcish Mines.
  8110 | D:9      | Reached skill level 14 in Axes
  9037 | D:10     | Entered Level 10 of the Dungeon
  9120 | D:10     | Found a portal to a secret trove of treasure.
  9222 | D:10     | Noticed Erolcha
  9237 | D:10     | Killed from afar by Erolcha

Skill      XL: |  1  2  3  4  5  6  7  8  9 10 |
---------------+-------------------------------+-----
Axes           | 4 5 7 8 9 11 12 14 | 14.5
Fighting       | 3 4 5 6 7 9 10 | 10.5
Shields        | 2 5 7 8 |  8.9
Throwing       | |  2.0
Dodging        | |  3.2

Action                   |  1- 3 |  4- 6 |  7- 9 | 10-12 || total
-------------------------+-------+-------+-------+-------++-------
Melee: War axe           |    55 |    89 |   332 |   303 ||   779
       Headbutt          |     5 |    17 |    70 |    60 ||   152
  Use: Potion            |       |     2 |     1 |     2 ||     5
       Scroll            |       |       |     1 |     1 ||     2
 Stab: Distracted        |       |       |       |     1 ||     1
  Eat: Chunk             |       |     4 |     4 |       ||     8
       Fruit             |       |       |     5 |       ||     5
       Meat ration       |       |       |     1 |       ||     1
       Bread ration      |       |       |     1 |       ||     1
       Pizza             |       |       |       |     6 ||     6
Armor: Leather armour    |     7 |       |       |       ||     7
       Ring mail         |     9 |    28 |     1 |       ||    38
       Scale mail        |       |       |    59 |    10 ||    69
       Chain mail        |       |       |    11 |       ||    11
       Plate armour      |       |       |    11 |    53 ||    64
Dodge: Dodged            |    40 |    48 |    46 |    10 ||   144
Block: Large shield      |       |       |   230 |   208 ||   438
